 Dungeon Crawl Stone Soup version 0.19.1-1-g22dce08 (webtiles) character file.

184 Gorglomux the Cudgeler (level 5, -9/33 HPs)
             Began as a Gargoyle Gladiator on Jan 15, 2017.
             Mangled by an ogre
             ... wielding a +0 giant club
              (19 damage)
             ... on level 4 of the Dungeon on Jan 18, 2017.
             The game lasted 00:06:06 (2300 turns).

Gorglomux the Cudgeler (Gargoyle Gladiator)         Turns: 2300, Time: 00:06:07

Health: -9/33      AC:  8    Str: 20    XL:     5   Next: 64%
Magic:  5/5        EV: 12    Int:  8    God:
Gold:   100        SH:  0    Dex: 10    Spells: 0 memorised, 4 levels left

rFire  . . .     SeeInvis .     a - +0 flail
rCold  + . .     Gourm    .     b - +0 leather armour
rNeg   + . .     Faith    .     (no shield)
rPois  ∞         Spirit   .     c - +0 helmet
rElec  +         Reflect  .     (no cloak)
rCorr  .         Harm     .     (no gloves)
MR     .....                    (no boots)
Stlth  +.........               (no amulet)
                                (no ring)
                                w - ring of protection from cold

@: no status effects
A: negative energy resistance 1, electricity resistance, unbreathing,
petrification resistance, rot immunity, AC +4
a: no special abilities


You were on level 4 of the Dungeon.
You were not hungry.

You visited 1 branch of the dungeon, and saw 4 of its levels.

You collected 100 gold pieces.

Inventory:

Hand Weapons
 a - a +0 flail (weapon)
Missiles
 d - 3 throwing nets (quivered)
Armour
 b - a +0 leather armour (worn)
 c - a +0 helmet (worn)
Jewellery
 w - a ring of protection from cold (left hand)
Wands
 u - a wand of heal wounds (1/9)
Scrolls
 g - 3 scrolls of teleportation {unknown}
 h - a scroll of fog {unknown}
 i - 2 scrolls of remove curse {unknown}
 j - a scroll of amnesia {unknown}
 k - a scroll of recharging {unknown}
 m - 3 scrolls of fear {unknown}
 n - 2 scrolls of magic mapping {unknown}
 o - 3 scrolls of identify {unknown}
 v - a scroll of blinking {unknown}
Potions
 e - a potion of curing {unknown}
 l - 2 potions of haste {unknown}
 p - a potion of agility {unknown}
 s - a potion of degeneration {unknown}
 t - a potion of brilliance {unknown}
 x - a potion of resistance {unknown}
 z - a potion of mutation {unknown}
Comestibles
 f - 4 bread rations
 q - a slice of pizza
 r - a chunk of flesh


   Skills:
 + Level 3.9 Fighting
 * Level 5.3 Maces & Flails
 - Level 1.7 Throwing
 - Level 2.4 Dodging


You had 4 spell levels left.
You didn't know any spells.

Dungeon Overview and Level Annotations

Branches:
Dungeon (4/15)
 Temple: D:4-7

Altars:
Sif Muna


Innate Abilities, Weirdness & Mutations

You are resistant to torment.
Your stone body is resilient. (AC +4)
You are immune to poison.
You resist negative energy. (rN+)
You are resistant to electric shocks. (rElec)
You can survive without breathing.
You are immune to petrification.
You are immune to rotting.


Message History

The ogre is moderately wounded.
The ogre hits you with a giant club.
You hit the ogre.
The ogre is heavily wounded.
The ogre hits you with a giant club!
You swing at nothing.
You sock the ogre!
The ogre is severely wounded.
The ogre barely misses you.
You barely miss the ogre.
The ogre is severely wounded.
The ogre closely misses you.
Your leather armour prevents you from hitting the ogre.
The ogre is severely wounded.
The ogre hits you with a giant club!
You hit the ogre.
The ogre is severely wounded.
The ogre hits you with a giant club!!
Ouch! That really hurt!
You die...

..... #..######.
##### #.........
#.#######. #.# .#
#.# #####.### #.#
>........
#########.#######.
#.....##
#.O...............
#(###.#
#@#######..######
....#.# #.#
###..#####
#.#.#.#####. #.#
#..........
#...........
...#####.#..######
###.#.<####.
.........#.....
###.#..#
#..........).###
.......#..
...#########..#
###.#....# ####
#.# .......### ..


You could see an ogre.

Vanquished Creatures
  An orc wizard (D:3)
  Natasha (twice) (D:3 D:4)
  2 hound skeletons (D:4)
  2 adders
  A worm (D:1)
  2 dart slugs
  A leopard gecko (D:4)
  6 orcs (D:3)
  2 giant cockroaches
  A hobgoblin (D:2)
  3 jackals (D:2)
  2 kobolds
  8 bats
  A frilled lizard (D:1)
  7 goblins
  A jackal skeleton (D:4)
  10 rats
52 creatures vanquished.

Notes
Turn   | Place    | Note
-------+----------+-------------------------------------------
     0 | D:1      | Gorglomux the Gargoyle Gladiator began the quest for the Orb.
     0 | D:1      | Reached XP level 1. HP: 12/12 MP: 1/1
   324 | D:1      | Reached XP level 2. HP: 18/18 MP: 2/2
   778 | D:2      | Found a deep blue altar of Sif Muna.
   800 | D:2      | Reached XP level 3. HP: 7/22 MP: 3/3
   894 | D:2      | HP: 1/22 [jackal (2)]
   901 | D:2      | HP: 1/22 [jackal (1)]
   907 | D:2      | Reached skill level 4 in Maces & Flails
  1585 | D:3      | Noticed Natasha
  1592 | D:3      | Killed Natasha
  1592 | D:3      | Reached XP level 4. HP: 12/28 MP: 4/4
  1822 | D:3      | Reached XP level 5. HP: 29/33 MP: 5/5
  2158 | D:4      | Reached skill level 5 in Maces & Flails
  2216 | D:4      | Noticed Natasha
  2227 | D:4      | Killed Natasha
  2279 | D:4      | Noticed an ogre
  2300 | D:4      | Mangled by an ogre

Skill      XL: |  1  2  3  4  5 |
---------------+----------------+-----
Maces & Flails | 4 5 |  5.3
Fighting       | 3 |  3.9
Throwing       | |  1.7
Dodging        | |  2.4

Action                   |  1- 3 |  4- 6 || total
-------------------------+-------+-------++-------
Melee: Flail             |   126 |    63 ||   189
  Eat: Chunk             |     2 |     3 ||     5
Armor: Leather armour    |    57 |    24 ||    81
Dodge: Dodged            |   107 |    30 ||   137
